 Dungeon Crawl Stone Soup version 0.19.5 (webtiles) character file.

6603 RaHiT the Thaumaturge (level 10, -7/70 HPs)
             Began as a Mummy Conjurer on May 9, 2017.
             Was an Elder of Vehumet.
             Mangled by an orc warrior
             ... wielding a +0 short sword
              (12 damage)
             ... on level 9 of the Dungeon.
             The game lasted 01:04:08 (15293 turns).

RaHiT the Thaumaturge (Mummy Conjurer)             Turns: 15293, Time: 01:04:09

Health: -7/70      AC:  3    Str:  7    XL:     10   Next: 71%
Magic:  13/32      EV: 12    Int: 18    God:    Vehumet [****..]
Gold:   683        SH:  5    Dex: 15    Spells: 5 memorised, 12 levels left

rFire  . . .     SeeInvis +     u - +5 mace of the Equator {drain, rF+ Str-4 Dex+2 SInv}
rCold  + . .     Gourm    .     a - +0 robe
rNeg   + + +     Faith    .     m - +0 buckler
rPois  ∞         Spirit   .     (no helmet)
rElec  .         Reflect  .     (no cloak)
rCorr  .         Harm     .     c - +0 pair of gloves
MR     +....                    (no boots)
Stlth  ++........               (no amulet)
                                v - ring of magical power
                                w - ring of wizardry

@: no status effects
A: no food or potions, fire vulnerability, cold resistance 1, negative energy
resistance 3, torment resistance, unbreathing
a: Renounce Religion


You were on level 9 of the Dungeon.
You worshipped Vehumet.
Vehumet was greatly pleased with you.
You were not hungry.

You visited 2 branches of the dungeon, and saw 10 of its levels.
You also visited: Ossuary and Bailey.

You collected 683 gold pieces.

Inventory:

Hand Weapons
 o - a +6 flail
 s - a +0 spear of venom
 u - the +5 mace of the Equator (weapon) {drain, rF+ Str-4 Dex+2 SInv}
   (You found it on level 5 of the Dungeon)

   A truly terrible weapon, it drains the life of those it strikes.
   It affects your strength (-4).
   It affects your dexterity (+2).
   It protects you from fire.
   It lets you see invisible.
 y - a cursed -2 hand axe
 D - a cursed -3 war axe
 J - a +1 short sword of distortion
 K - a +1 dagger of electrocution
Missiles
 z - a throwing net (quivered)
Armour
 a - a +0 robe (worn)
 c - a +0 pair of gloves (worn)
 m - a +0 buckler (worn)
 A - a +2 animal skin
Jewellery
 i - a +3 ring of evasion
 n - a +6 ring of protection
 v - a ring of magical power (right hand)
 w - a ring of wizardry (left hand)
Wands
 k - a wand of random effects (27/48)
 t - a wand of digging (11/24)
 x - a wand of lightning (11/15)
 E - a wand of disintegration (3/24)
 G - a wand of heal wounds (3/9)
Scrolls
 d - 7 scrolls of remove curse
 e - a scroll of magic mapping
 f - 3 scrolls of teleportation
 g - a scroll of recharging
 h - 2 scrolls of fog
 j - 2 scrolls of fear
 l - a scroll of blinking
 p - a scroll of enchant armour {unknown}
 q - 2 scrolls of noise {unknown}
 r - a scroll of immolation {unknown}
 B - a scroll of torment {unknown}
 C - 3 scrolls of identify
 H - a scroll of vulnerability {unknown}
 I - a scroll of amnesia {unknown}
Books
 b - a book of Conjurations

   Spells                             Type                      Level
   a - Magic Dart                     Conjuration                  1
   b - Searing Ray                    Conjuration                  2
   c - Dazzling Spray                 Conjuration/Hexes            3
   d - Fulminant Prism                Conjuration/Hexes            4
   e - Iskenderun's Mystic Blast      Conjuration                  4
   f - Iskenderun's Battlesphere      Conjuration/Charms           5


   Skills:
 + Level 3.3 Fighting
 - Level 2.0 Dodging
 - Level 1.5 Stealth
 - Level 4.2 Shields
 - Level 9.0 Spellcasting
 * Level 9.0 Conjurations
 - Level 5.0 Evocations


You had 12 spell levels left.
You knew the following spells:

 Your Spells              Type           Power        Failure   Level  Hunger
a - Magic Dart            Conj           ####         1%          1    N/A
b - Iskenderun's Mystic   Conj           #####...     1%          4    N/A
c - Iskenderun's Battles  Conj/Chrm      ###.....     5%          5    N/A
d - Conjure Flame         Conj/Fire      ###.....     1%          3    N/A
q - Searing Ray           Conj           #####.       1%          2    N/A

Dungeon Overview and Level Annotations

Branches:
Dungeon (9/15)             Temple (1/1) D:4            Lair (0/6) D:9
    Orc: D:9-12

Altars:
Ashenzari
Cheibriados
Dithmenos
Elyvilon
Fedhas
Gozag
Hepliaklqana
Kikubaaqudgha
Makhleb
Nemelex Xobeh
Okawaru
Qazlal
Ru
Sif Muna
Trog
Uskayaw
Vehumet
Xom
Yredelemnul
Zin

Shops:
D:4 !   D:8 %


Innate Abilities, Weirdness & Mutations

You do not eat or drink.
Your flesh is vulnerable to fire.
You are immune to poison.
Your flesh is cold resistant. (rC+)
You are immune to negative energy. (rN+++)
You are immune to unholy pain and torment.
You can survive without breathing.


Message History

The orc warrior hits you with a short sword!
* * * LOW HITPOINT WARNING * * *
The searing ray hits the orc warrior.
The orc warrior is almost dead.
The orc warrior completely misses you.
The searing ray hits the orc warrior.
The orc warrior is almost dead.
The orc warrior hits you with a short sword!
* * * LOW HITPOINT WARNING * * *
The searing ray misses the orc warrior.
The searing ray hits the orc priest.
You kill the orc priest!
Vehumet accepts your kill.
The searing ray hits the orc wizard.
You kill the orc wizard!
Vehumet accepts your kill.
You feel your power returning.
You finish channeling your searing ray.
The orc wizard mumbles some strange words.
The orc wizard blinks!
The orc warrior hits you with a short sword!
You die...

................#.......#
###############.#.......#
#.#.8...8.# #.#.......#
#.##..o..## #.##8.o.8#
#.###.).## #.####)##
#.@o[)§# ########


You could see an orc warrior.

Vanquished Creatures
  A komodo dragon (D:9)
  2 two-headed ogres
  2 hornets
  2 hippogriffs
  Sigmund (D:5)
  Grum (D:8)
  2 orc warriors (D:9)
  5 sky beasts
  3 ice beasts (D:6)
  2 phantoms
  A black bear (D:8)
  4 ogres
  A necrophage (D:5)
  2 wolves (D:8)
  2 centaurs
  A big kobold (D:9)
  7 bullfrogs
  2 scorpions
  5 wights (D:6)
  5 crimson imps
  A centaur zombie (D:6)
  2 jellies
  9 orc priests
  A bullfrog skeleton (D:4)
  8 hounds
  15 orc wizards
  4 iguanas
  10 worker ants
  8 mummies (Ossuary)
  A hound zombie (D:6)
  3 worker ant zombies
  6 gnolls
  8 adders
  A howler monkey skeleton (D:4)
  3 shadow imps
  2 oozes
  3 adder skeletons
  4 worms
  4 dart slugs
  9 leopard geckos
  50 orcs
  6 bats
  7 giant cockroaches
  A gnoll zombie (Ossuary)
  12 goblins
  13 hobgoblins
  17 jackals
  13 kobolds
  6 quokkas
  7 frilled lizards
  3 hobgoblin zombies (Ossuary)
  2 kobold zombies (Ossuary)
  3 leopard gecko skeletons
  2 orc zombies (Ossuary)
  15 rats
310 creatures vanquished.

Vanquished Creatures (others)
  A gnoll (D:6)
  5 plants (D:9)
6 creatures vanquished.

Grand Total: 316 creatures vanquished

Notes
Turn   | Place    | Note
-------+----------+-------------------------------------------
     0 | D:1      | RaHiT the Mummy Conjurer began the quest for the Orb.
     0 | D:1      | Reached XP level 1. HP: 13/13 MP: 3/3
   441 | D:1      | Reached XP level 2. HP: 19/19 MP: 3/5
   445 | D:1      | Learned a level 2 spell: Searing Ray
  1533 | D:1      | Reached XP level 3. HP: 24/24 MP: 3/7
  2671 | D:2      | Reached XP level 4. HP: 25/30 MP: 6/10
  2808 | D:2      | Found a bloodstained altar of Trog.
  3275 | D:2      | Learned a level 4 spell: Iskenderun's Mystic Blast
  3652 | D:3      | Noticed a bullfrog
  4712 | D:3      | Reached skill level 5 in Spellcasting
  4712 | D:3      | Reached XP level 5. HP: 35/35 MP: 4/12
  5568 | D:4      | Reached XP level 6. HP: 31/41 MP: 5/14
  6514 | D:4      | Reached skill level 5 in Conjurations
  6514 | D:4      | Reached XP level 7. HP: 42/46 MP: 4/16
  6669 | D:4      | Found a staircase to the Ecumenical Temple.
  6686 | Temple   | Entered the Ecumenical Temple
  6867 | Temple   | Became a worshipper of Vehumet
  6950 | D:4      | Found Yxu Sux's Distillery.
  6995 | D:5      | Entered Level 5 of the Dungeon
  7190 | D:5      | Found a sand-covered staircase.
  7249 | Ossuary  | Entered an ossuary
  7745 | Ossuary  | Reached * piety under Vehumet
  7745 | Ossuary  | Offered knowledge of Shock by Vehumet.
  7958 | D:5      | Learned a level 5 spell: Iskenderun's Battlesphere
  8107 | D:5      | Reached skill level 1 in Shields
  8244 | D:5      | Noticed Sigmund
  8257 | D:5      | Killed Sigmund
  8257 | D:5      | Reached XP level 8. HP: 29/52 MP: 8/17
  8681 | D:5      | Got a pitted mace
  9108 | D:5      | Identified the +5 mace of the Equator {drain, rF+ Str-4 Dex+2 SInv} (You found it on level 5 of the Dungeon)
  9252 | D:6      | Found a sacrificial altar of Ru.
  9301 | D:6      | Reached skill level 1 in Fighting
  9577 | D:6      | Reached ** piety under Vehumet
  9721 | D:6      | Offered knowledge of Flame Tongue by Vehumet.
  9721 | D:6      | Reached XP level 9. HP: 29/61 MP: 17/20
  9858 | D:6      | Reached skill level 1 in Evocations
 10289 | D:6      | Found a shattered altar of Ashenzari.
 10847 | D:7      | Found a flagged portal.
 10882 | Bailey   | Entered a bailey
 10884 | Bailey   | Noticed Reinor's ghost (journeyman SpEE)
 11716 | D:7      | Offered knowledge of Ignite Poison by Vehumet.
 12348 | D:7      | Reached XP level 10. HP: 61/67 MP: 23/23
 12990 | D:8      | Found a basalt altar of Yredelemnul.
 13025 | D:8      | Found a hazy altar of Hepliaklqana.
 13072 | D:8      | Reached *** piety under Vehumet
 13216 | D:8      | Found Xuckeonn's Food Emporium.
 13449 | D:8      | Noticed Grum
 13462 | D:8      | Killed Grum
 13585 | D:8      | Offered knowledge of Conjure Flame by Vehumet.
 13590 | D:8      | Learned a level 3 spell: Conjure Flame
 14108 | D:9      | Found a sparkling altar of Nemelex Xobeh.
 14228 | D:9      | Found a runed door.
 14426 | D:9      | Reached skill level 5 in Evocations
 14542 | D:9      | Found a deep blue altar of Sif Muna.
 14639 | D:9      | Found a shadowy altar of Dithmenos.
 14657 | D:9      | Found a blossoming altar of Fedhas.
 14660 | D:9      | Reached **** piety under Vehumet
 14848 | D:9      | Found a staircase to the Lair.
 15293 | D:9      | Mangled by an orc warrior

Skill      XL: |  1  2  3  4  5  6  7  8  9 10 |
---------------+-------------------------------+-----
Spellcasting   | 3 4 5 6 7 9 |  9.0
Conjurations   | 5 6 7 9 |  9.0
Shields        | 3 4 |  4.2
Dodging        | 2 |  2.0
Fighting       | 2 3 |  3.3
Evocations     | 3 5 |  5.0
Stealth        | |  1.5

Action                   |  1- 3 |  4- 6 |  7- 9 | 10-12 || total
-------------------------+-------+-------+-------+-------++-------
Melee: Dagger            |    32 |    25 |     5 |       ||    62
       Unarmed           |     3 |       |       |       ||     3
       Mace              |       |       |   101 |    40 ||   141
 Cast: Magic Dart        |    66 |    48 |    55 |    37 ||   206
       Searing Ray       |    12 |    52 |    82 |    38 ||   184
       Iskenderun's Myst |       |       |    11 |    30 ||    41
       Conjure Flame     |       |       |       |     6 ||     6
Evoke: Wand              |       |       |     3 |       ||     3
  Use: Scroll            |       |     6 |     7 |     1 ||    14
 Stab: Paralysed         |       |       |     1 |       ||     1
       Sleeping          |       |       |     1 |       ||     1
Armor: Robe              |     6 |    10 |    24 |     4 ||    44
Dodge: Dodged            |    27 |    64 |   154 |    38 ||   283
Block: Buckler           |       |       |    44 |    16 ||    60
